 Dungeon Crawl Stone Soup version 0.19.4-8-ga85b6b9 (webtiles) character file.

37 Naow the Caller (level 3, -17/19 HPs)
             Began as a Deep Elf Summoner on Feb 11, 2017.
             Demolished by an ogre
             ... wielding a +0 giant club
              (20 damage)
             ... on level 2 of the Dungeon.
             The game lasted 00:03:12 (2165 turns).

Naow the Caller (Deep Elf Summoner)                 Turns: 2165, Time: 00:03:13

Health: -17/19     AC:  1    Str:  5    XL:     3   Next: 21%
Magic:  9/10       EV: 13    Int: 20    God:
Gold:   48         SH:  0    Dex: 15    Spells: 3 memorised, 3 levels left

rFire  . . .     SeeInvis .     (no weapon)
rCold  . . .     Gourm    .     a - +0 robe
rNeg   . . .     Faith    .     (no shield)
rPois  .         Spirit   .     (no helmet)
rElec  .         Reflect  .     (no cloak)
rCorr  .         Harm     .     (no gloves)
MR     .....                    (no boots)
Stlth  ++........               (no amulet)
                                (no ring)
                                (no ring)

@: no status effects
A: hooves 1, deformed body, regeneration 1
a: no special abilities


You were on level 2 of the Dungeon.
You were not hungry.

You visited 1 branch of the dungeon, and saw 2 of its levels.

You collected 48 gold pieces.

Inventory:

Armour
 a - a +0 robe (worn)
 g - a +0 pair of gloves
Jewellery
 j - an uncursed amulet of regeneration {unknown}
Scrolls
 e - a scroll of fog {unknown}
 h - a scroll of fear {unknown}
Potions
 d - a potion of mutation
 f - a potion of invisibility {unknown}
Books
 b - a book of Callings

   Spells                             Type                      Level
   a - Summon Small Mammal            Summoning                    1
   b - Call Imp                       Summoning                    2
   c - Call Canine Familiar           Summoning                    3
   d - Summon Guardian Golem          Hexes/Summoning              3
   e - Summon Lightning Spire         Summoning/Air                4
   f - Summon Ice Beast               Ice/Summoning                4
Comestibles
 c - a bread ration


   Skills:
 - Level 2.4 Dodging
 - Level 2.4 Stealth
 + Level 3.9 Spellcasting
 * Level 5.2 Summonings


You had 3 spell levels left.
You knew the following spells:

 Your Spells              Type           Power        Failure   Level  Hunger
a - Summon Small Mammal   Summ           ###.         1%          1    None
b - Call Imp              Summ           ###.....     2%          2    ##.....
c - Call Canine Familiar  Summ           ###.....     6%          3    ###....


Dungeon Overview and Level Annotations

Branches:
Dungeon (2/15)

Altars:
Zin

Shops:
D:2 *


Innate Abilities, Weirdness & Mutations

You have large cloven feet.
Armour fits poorly on your strangely shaped body.
Your natural rate of healing is unusually fast.


Message History

Your quokka disappears in a puff of smoke!
Your hound disappears in a puff of smoke!
There is an entrance to Zin's Purification Station here.
Your quokka disappears in a puff of smoke!
An ogre comes into view. It is wielding a giant club.
You see here a meat ration.
An ogre is nearby!
An ogre is nearby!
An ogre is nearby!
The ogre shouts!
Your quokka disappears in a puff of smoke!
The ogre barely misses you.
Casting: Summon Small Mammal
Confirm with . or Enter, or press ? or * to list all spells.
The ogre hits you with a giant club!
Ouch! That really hurt!
* * * LOW HITPOINT WARNING * * *
The ogre hits you with a giant club!!
Ouch! That really hurt!
You die...

#..##⌠##.r.........#.# ....
###..##..........# ...
............####.#
.......##.##.###.# #.#### #
.. .......##.# #.# #.#..#
#. ....#..##.# #.# #.#..#
.### ... #..##.# #.# #.#..#
..#
.##.##.###.####.#..#####.#
........%.r@O...........>.#
........###.##.#.#..###.#.#
..##..#.#
........).....#r##
##.#.###.#..#....#####...
#...# #................. #
..# #.#..###..#####.## #..#
#.#..# #..# #.## ##. #.#. #
#... .... # #..# ##.##


You could see an ogre and a friendly quokka.

Vanquished Creatures
  A jackal (D:1)
  A bat (D:1)
  A rat (D:1)
3 creatures vanquished.

Vanquished Creatures (collateral kills)
  A gnoll (D:1)
  An adder (D:1)
  2 dart slugs (D:1)
  4 bats (D:1)
  2 giant cockroaches (D:1)
  2 hobgoblins (D:1)
  7 jackals (D:1)
  2 ball pythons (D:1)
  3 frilled lizards (D:1)
  5 goblins
  3 kobolds
  4 rats
  A butterfly (D:2)
37 creatures vanquished.

Grand Total: 40 creatures vanquished

Notes
Turn   | Place    | Note
-------+----------+-------------------------------------------
     0 | D:1      | Naow the Deep Elf Summoner began the quest for the Orb.
     0 | D:1      | Reached XP level 1. HP: 10/10 MP: 6/6
   644 | D:1      | Reached XP level 2. HP: 11/15 MP: 4/8
   944 | D:1      | Gained mutation: Armour fits poorly on your strangely shaped body. [potion of mutation]
   944 | D:1      | Gained mutation: Your natural rate of healing is unusually fast. [potion of mutation]
   944 | D:1      | Gained mutation: You have large cloven feet. [potion of mutation]
  1114 | D:1      | Learned a level 2 spell: Call Imp
  1119 | D:1      | Reached skill level 5 in Summonings
  1432 | D:1      | Reached XP level 3. HP: 13/19 MP: 6/10
  2025 | D:2      | Learned a level 3 spell: Call Canine Familiar
  2115 | D:2      | Found Zin's Purification Station.
  2120 | D:2      | Found a glowing silver altar of Zin.
  2161 | D:2      | Noticed an ogre
  2165 | D:2      | Demolished by an ogre

Skill      XL: |  1  2 |
---------------+-------+-----
Summonings     | 5 |  5.2
Dodging        | |  2.4
Stealth        | |  2.4
Spellcasting   | |  3.9

Action                   || total
-------------------------++-------
Melee: Unarmed           ||    52
       Kick              ||    10
 Cast: Summon Small Mamm ||   106
       Call Imp          ||     2
       Call Canine Famil ||     1
  Use: Potion            ||     1
  Eat: Chunk             ||     4
Armor: Robe              ||    18
Dodge: Dodged            ||   101
